 Dungeon Crawl Stone Soup version 0.31-a0-1280-g1fbed5c (webtiles) character file.

Game seed: 3160855236729025870

1965547 Kearsarge the Merfolkian Porcupine (level 25, 306/306 HPs)
             Began as a Merfolk Fighter on Dec 17, 2023.
             Was an Initiate of Gozag.
             Escaped with the Orb
             ... and 3 runes!
             The game lasted 01:19:09 (47470 turns).

Kearsarge the Merfolkian Porcupine (MfFi)          Turns: 47470, Time: 01:19:10

Health: 306/306    AC: 42    Str: 24    XL:     25   Next: 27%
Magic:  23/23      EV: 32    Int:  9    God:    Gozag
Gold:   1687       SH:  2    Dex: 18    Spells: 24/24 levels left

rFire   + + .        X - +5 glaive of the Guard {elec, spectral}
rCold   + . .        (shield currently unavailable)
rNeg    + . .        (body armour currently unavailable)
rPois   ∞            Z - +2 hat {Will+}
rElec   +            j - scarf {rC+ rF+}
rCorr   .            (gloves currently unavailable)
SInv    +            (boots currently unavailable)
Will    +++++        k - amulet of regeneration
Stlth   +            o - ring of the Octopus King {HP+2 AC+2 EV+2 SH+2 SInv}
HPRegen 1.51/turn    I - ring of Makhleb's Envy {rF+ Will+++}
MPRegen 0.18/turn

%: no passive effects
@: statue-form, very slow
A: slow and powerful, torment resistance 1, boosted hp, (nimble swimmer 2),
mertail, agile 1, electricity resistance, evolution 1
0: Orb of Zot
}: 3/15 runes: barnacled, silver, gossamer
a: Begin Untransformation, Renounce Religion, Potion Petition, Call Merchant,
Bribe Branch


You escaped.
You worshipped Gozag.
Gozag was most pleased with you.
You were a living statue of rough stone.
You visited 9 branches of the dungeon, and saw 47 of its levels.
You visited 1 ziggurat, and saw 5 of its levels.
You also visited: Sewer and Bailey.

You collected 23408 gold pieces.
You spent 3793 gold pieces at shops.
You paid 17928 gold pieces to Gozag.

Inventory:

Hand Weapons
 a - a +6 trident of venom
 X - the +5 glaive of the Guard (weapon) {elec, spectral}
   (You found it on level 4 of the Shoals)
Missiles
 b - 91 poisoned darts
 e - 9 curare-tipped darts
 w - 3 throwing nets
Armour
 j - a scarf of resistance (worn)
 R - a +0 kite shield of protection
 Z - a +2 hat of willpower (worn)
Jewellery
 k - an amulet of regeneration (around neck)
 o - a ring of the Octopus King (left fist) {HP+2 AC+2 EV+2 SH+2 SInv}
   (You found it on level 12 of the Dungeon)

   [ring of see invisible]

   AC+2:      It affects your AC (+2).
   EV+2:      It affects your evasion (+2).
   HP+2:      It affects your health (+2).
   SInv:      It lets you see invisible.
   SH+2:      It affects your SH (+2).
 F - the necklace of Bloodlust {Fury *Rage Will++ Int-3 Slay+6}
   (You found it on level 1 of the Orcish Mines)

   [amulet of nothing]

   Fury:      It extends the wearer's berserk rage when killing foes.
   Int-3:     It affects your intelligence (-3).
   Slay+6:    It affects your accuracy & damage with ranged weapons and melee
   (+6).
   Will++:    It greatly increases your willpower.
   *Rage:     It berserks you when you make melee attacks (+50% chance).
 I - the ring of Makhleb's Envy (right fist) {rF+ Will+++}
   (You bought it in a shop on level 4 of the Lair of Beasts)

   [ring of protection from fire]

   rF+:       It protects you from fire.
   Will+++:   It greatly increases your willpower.
 Y - a ring of flight
Talismans
 M - a granite talisman (active)
Wands
 l - a wand of quicksilver (24)
 v - a wand of digging (2)
 y - a wand of charming (51)
 G - a wand of flame (64)
 K - a wand of roots (21)
 V - a wand of mindburst (18)
Scrolls
 c - 7 scrolls of poison
 p - 9 scrolls of noise
 q - 21 scrolls of teleportation
 u - 7 scrolls of brand weapon
 x - 12 scrolls of immolation
 z - 29 scrolls of identify
 C - 5 scrolls of amnesia
 D - a scroll of blinking
 H - 4 scrolls of vulnerability
 L - 2 scrolls of fear
 N - 3 scrolls of torment
 P - 5 scrolls of enchant armour
 S - 7 scrolls of enchant weapon
 T - 5 scrolls of fog
Potions
 d - 7 potions of might
 f - 8 potions of brilliance
 g - 9 potions of attraction
 h - 4 potions of berserk rage
 i - 14 potions of curing
 m - 4 potions of mutation
 r - 8 potions of ambrosia
 s - 7 potions of enlightenment
 t - 7 potions of heal wounds
 A - 2 potions of resistance
 J - 8 potions of lignification
 Q - 3 potions of invisibility
 U - 4 potions of haste
 W - 6 potions of cancellation
Miscellaneous
 B - a phantom mirror
 E - a condenser vane
 O - a phial of floods


   Skills:
 O Level 27 Fighting
 O Level 27 Polearms
 - Level 2.1 Armour
 O Level 27 Dodging
 + Level 6.3 Stealth
 - Level 9.4 Shields
 - Level 25.0 Shapeshifting


You had 24 spell levels left.
You didn't know any spells.
Your spell library contained the following spells:

 Spells                   Type           Power      Damage    Failure   Level
 Apportation              Tloc           0%         N/A       38%         1
 Freeze                   Ice            0%         1d3       38%         1
 Magic Dart               Conj           0%         1d3       38%         1
 Necrotise                Necr           0%         1d4       38%         1
 Sandblast                Erth           0%         2d4       38%         1
 Shock                    Conj/Air       0%         1d3       38%         1
 Sting                    Tmut/Pois      0%         1d3       38%         1
 Summon Small Mammal      Summ           0%         N/A       38%         1
 Cigotuvi's Dreadful Rot  Necr/Pois/Air  0%         N/A       52%         2
 Lesser Beckoning         Tloc           0%         N/A       52%         2
 Passwall                 Tmut/Erth      0%         N/A       52%         2
 Poisonous Vapours        Pois/Air       0%         N/A       52%         2
 Scorch                   Fire           0%         2d5       52%         2
 Static Discharge         Conj/Air       0%         3-3/arc   52%         2
 Wereblood                Tmut           0%         N/A       52%         2
 Call Canine Familiar     Summ           0%         N/A       77%         3
 Dazzling Flash           Conj/Hex       0%         N/A       77%         3
 Frozen Ramparts          Ice            0%         1d1       77%         3
 Gell's Gravitas          Tloc           0%         N/A       77%         3
 Hailstorm                Conj/Ice       0%         3d5       77%         3
 Ignite Poison            Fire/Tmut/Pois 0%         N/A       77%         3
 Inner Flame              Hex/Fire       0%         N/A       77%         3
 Ozocubu's Armour         Ice            0%         N/A       77%         3
 Sigil of Binding         Hex            0%         N/A       77%         3
 Summon Guardian Golem    Hex/Summ       0%         N/A       77%         3
 Swiftness                Air            0%         N/A       77%         3
 Teleport Other           Tloc           0%         N/A       77%         3
 Tukima's Dance           Hex            0%         N/A       77%         3
 Vampiric Draining        Necr           0%         2d6       77%         3
 Volatile Blastmotes      Fire/Tloc      0%         2d10      77%         3
 Airstrike                Air            0%         2d(0-16)  99%         4
 Animate Armour           Summ/Erth      0%         N/A       99%         4
 Dimensional Bullseye     Hex/Tloc       0%         N/A       99%         4
 Flame Wave               Conj/Fire      0%         2d4       99%         4
 Fulminant Prism          Conj/Hex       0%         3d5       99%         4
 Iskenderun's Mystic Bla  Conj/Tloc      0%         2d3       99%         4
 Leda's Liquefaction      Tmut/Erth      0%         N/A       99%         4
 Manifold Assault         Tloc           0%         N/A       99%         4
 Olgreb's Toxic Radiance  Pois           0%         N/A       99%         4
 Passage of Golubria      Tloc           0%         N/A       99%         4
 Petrify                  Tmut/Erth      0%         N/A       99%         4
 Summon Ice Beast         Ice/Summ       0%         N/A       99%         4
 Summon Lightning Spire   Summ/Air       0%         N/A       99%         4
 Vhi's Electric Charge    Tloc/Air       0%         N/A       99%         4
 Agony                    Necr           0%         N/A       100%        5
 Arcjolt                  Conj/Air       0%         1d10      100%        5
 Borgnjor's Vile Clutch   Necr/Erth      0%         N/A       100%        5
 Freezing Cloud           Conj/Ice/Air   0%         6-21      100%        5
 Irradiate                Conj/Tmut      0%         3d11      100%        5
 Iskenderun's Battlesphe  Conj           0%         2d6       100%        5
 Metabolic Englaciation   Hex/Ice        0%         N/A       100%        5
 Silence                  Hex/Air        0%         N/A       100%        5
 Summon Forest            Summ/Tloc      0%         N/A       100%        5
 Summon Mana Viper        Hex/Summ       0%         N/A       100%        5
 Yara's Violent Unravell  Hex/Tmut       0%         3d3       100%        5
 Bombard                  Conj/Erth      0%         9d1       100%        6
 Dispersal                Tloc           0%         N/A       100%        6
 Plasma Beam              Fire/Air       0%         2x1d10    100%        6
 Summon Cactus Giant      Summ           0%         N/A       100%        6
 Enfeeble                 Hex            0%         N/A       100%        7
 Haunt                    Necr/Summ      0%         N/A       100%        7
 Orb of Destruction       Conj           0%         9d5       100%        7
 Ozocubu's Refrigeration  Ice            0%         4d7       100%        7
 Spellforged Servitor     Conj/Summ      0%         N/A       100%        7
 Summon Hydra             Summ           0%         N/A       100%        7
 Infestation              Necr           0%         N/A       100%        8
 Lehudib's Crystal Spear  Conj/Erth      0%         10d2      100%        8
 Maxwell's Capacitive Co  Air            0%         ∞         100%        8
 Death's Door             Necr           0%         N/A       100%        9
 Polar Vortex             Ice            0%         N/A       100%        9
 Sublimation of Blood     Necr           Unusable   N/A       N/A         2
 Animate Dead             Necr           Unusable   N/A       N/A         4
 Simulacrum               Ice/Necr       Unusable   N/A       N/A         6

Dungeon Overview and Level Annotations

Branches:
Dungeon (15/15)            Temple (0/1) D:6            Lair (5/5) D:10
 Shoals (4/4) Lair:2       Spider (4/4) Lair:3        Slime (0/5) Lair:4
    Orc (2/2) D:11            Elf (3/3) Orc:2        Vaults (5/5) D:13
  Crypt (0/3) Vaults:2     Depths (4/4) D:15            Zot (5/5) Depths:4
  Sewer (visited)          Bailey (visited)

Altars:
Elyvilon
Fedhas
Gozag
Hepliaklqana
Kikubaaqudgha
Makhleb
Okawaru
Qazlal
Sif Muna
Trog
Uskayaw
Wu Jian
Xom
Zin
Lugonu

Shops:
D:6 ?   D:7 ?=   D:10 [   D:11 (   Orc:1 [   Orc:2 (=[   Elf:3 (   Lair:4 =
Lair:5 [   Shoals:1 :*   Shoals:3 =[?[   Spider:1 =   Vaults:1 [   Vaults:3 *
Depths:4 *[[:

Portals:
Hell: Depths:1 Depths:2 Depths:3 Depths:4
Abyss: Depths:3 Depths:4
Pandemonium: Depths:1 Depths:2
Trove: Depths:4 (give +3 gold dragon scales)

Annotations:
D:6 2 transporters, stone111's ghost, novice HuGl
Lair:2 2 transporters, rotlqkf's ghost, journeyman TrMo
Orc:2 3 runed translucent doors, wqsa789's ghost, journeyman GnHu
Elf:2 5 runed translucent doors
Depths:1 exclusion: orange crystal statue


Innate Abilities, Weirdness & Mutations

You are a living statue of rough stone.
Your actions are slow, but your melee attacks are powerful.
You are resistant to unholy torment.
Your maximum health is greatly increased.
Your equipment is partially melded.
You are immune to poison.
((You are very nimble when in or above water. (Stealth+, EV+, Speed+++)))
Your lower body shifts to a powerful aquatic tail in water.
You are agile. (Dex +4, Str/Int -1)
You are resistant to electric shocks. (rElec)
You have hidden genetic potential.


Message History

You kill the green death!
No target in view!
No target in view!
What level of the Dungeon? (default 1, ? - help)
You swap places.
Your +5 glaive of the Guard {elec, spectral} disappears.
A shadow demon comes into view.
You reach to attack!
You slice the shadow demon!!
The shadow demon is heavily wounded.
Your +5 glaive of the Guard {elec, spectral} closely misses the shadow demon.
The shadow demon is distracted by your dazzling golden aura.
You reach to attack!
You catch the helpless shadow demon completely off-guard!
You slice the shadow demon!!
The shadow demon is no longer distracted by gold.
The shadow demon is almost dead.
Your +5 glaive of the Guard {elec, spectral} hits the shadow demon from afar!!!
Lightning courses through the shadow demon!
You kill the shadow demon!
No target in view!
No target in view!
What level of the Dungeon? (default 1, ? - help)
Your +5 glaive of the Guard {elec, spectral} disappears.
There is a stone staircase leading up here.
You climb upwards.
There is a stone staircase leading down here.
Blink to where?
Press: ? - help, Q - select action, (/) - cycle Dir - move target
As you read the scroll of blinking, it crumbles to dust.
Aiming: Dig
Press: ? - help, Q - select action, (/) - cycle Shift-Dir - straight line A rock wall.
The rock shatters into small pieces.
Blink to where?
Press: ? - help, Q - select action, (/) - cycle Dir - move target
As you read the scroll of blinking, it crumbles to dust.
Blink to where?
Press: ? - help, Q - select action, (/) - cycle Dir - move target
As you read the scroll of blinking, it crumbles to dust.
You have escaped!

...###..#.#...........#.# ###...
.....#####.....#.#.....## #...
...#.# #......#.#......# ####
...#[# #......#.#......####
...#.# #....#.#.#.#....#..######
.#.#.####...##.#.#.##...##.......
.#.§..........⌠#.#⌠.....##.#####.
.....####..#####.#####..##.##....
.#.##...........8..........##.##.
##.##...#..#####.#####..##....##.
#.##.###.....⌠#.#⌠.....##.......
#.##.###...##.#.#.##...#########
#......#....#.#.#.#....#
##.#.###......#.#......#
##.#.###......#.#......#
#......##.....#.#.....##
#..#####.#...........#.#


There were no monsters in sight!

Vanquished Creatures
  A juggernaut (Depths:2)
  Vv (Zot:2)
  2 pandemonium lords
  Saint Roka (Depths:2)
  2 curse toes (Zot:3)
  A caustic shrike (Depths:2)
  3 golden dragons
  Nikola (Vaults:3)
  A bone dragon (Vaults:2)
  Arachne (Spider:3)
  A Tzitzimitl (Depths:4)
  2 tentacled monstrosities
  3 doom hounds (Depths:2)
  An electric golem (Zot:5)
  A Hell Sentinel (Depths:2)
  Zenata (Elf:1)
  2 walking crystal tomes
  Jorgrun (Orc:1)
  2 liches
  2 Ice Fiends
  Grunn (Depths:2)
  9 Orb Guardians
  A searing wretch (Zig:4)
  2 quicksilver dragons
  A walking earthen tome (Depths:3)
  A deep elf blademaster (Elf:3)
  4 sphinxes
  2 Executioners
  A walking frostbound tome (Depths:2)
  A kraken (Shoals:3)
  2 deep elf master archers (Elf:3)
  Frances (D:12)
  9 death cobs
  2 tengu reavers
  6 storm dragons
  Aizul (Depths:3)
  7 shadow dragons
  2 protean progenitors (Zot:4)
  3 draconian monks
  3 draconian knights
  The ghost of gompami the Convoker, an adept KoSu of Wu Jian (Elf:3)
  13 vault wardens
  8 frost giants
  6 fire giants
  Louise (Spider:3)
  6 deep elf sorcerers
  An iron dragon (Depths:4)
  2 emperor scorpions
  4 balrugs
  7 deep elf elementalists (Elf:3)
  A draconian stormcaller (Zot:3)
  5 orc warlords
  3 ghost moths
  3 draconian scorchers
  An angel (Zot:2)
  3 spriggan defenders
  3 very ugly things (Vaults:5)
  3 war gargoyles
  3 formless jellyfish (Vaults:4)
  A broodmother (Spider:1)
  12 ironbound preservers
  4 draconian annihilators
  13 stone giants
  The ghost of uhhuh the Thaumaturge, a journeyman DjFE of Ashenzari (Lair:5)
  6 deep elf death magi
  A vampire knight (Depths:4)
  5 ironbound thunderhulks
  4 deep elf demonologists
  3 deep elf annihilators (Elf:3)
  Azrael (D:15)
  6 white draconians
  7 dire elephants
  2 minotaurs (Shoals:4)
  5 black draconians
  7 purple draconians
  8 green draconians
  3 red draconians
  5 yellow draconians
  Snorg (D:11)
  9 ettins
  3 crystal guardians
  12 spark wasps
  4 merfolk impalers (Shoals:1)
  3 merfolk javelineers
  A blizzard demon (D:10)
  Josephine (D:12)
  4 deep elf high priests
  A green death (D:2)
  3 fire dragons
  7 great orbs of eyes
  4 rakshasas
  The ghost of gompami the Summoner, a journeyman KoSu of Wu Jian (D:12)
  7 entropy weavers
  7 yaktaur captains
  3 peacekeepers
  4 hydras
  3 hell beasts
  15 vault guards
  Fannar (D:11)
  4 spriggan air magi
  6 ice dragons
  4 catoblepae
  3 ogre magi
  A death knight (D:12)
  6 ironbound frosthearts
  4 merfolk avatars
  10 centaur warriors
  6 boulder beetles
  An alligator snapping turtle (Shoals:2)
  6 jorogumos
  13 two-headed ogres
  14 satyrs (Shoals:4)
  4 radroaches
  6 merfolk aquamancers
  2 vampire magi
  19 dancing weapons
  7 deep troll earth magi
  3 tengu warriors (Depths:1)
  11 death yaks
  2 occultists (D:15)
  3 deep troll shamans
  19 deep elf knights
  A hell hog (Depths:1)
  7 spriggan berserkers
  4 hell knights (Depths:2)
  4 orc high priests
  5 demonic crawlers
  2 soul eaters
  3 spriggans (Depths:4)
  2 sun demons
  Nergalle (Orc:1)
  Urug (Lair:5)
  A sixfirhy (Depths:1)
  9 pharaoh ants
  10 sea snakes
  2 skysharks
  A salamander mystic (Depths:1)
  11 orb spiders
  A golden dragon zombie (Vaults:2)
  A deep troll (shapeshifter) (Depths:3)
  4 sun moths
  A shadow demon (D:2)
  43 deep trolls
  6 iron trolls
  7 arcanists
  2 flayed ghosts
  10 necromancers
  17 deep elf archers
  27 harpies
  8 lindwurms
  3 glowing orange brains
  18 ironbound convokers
  2 lindwurms (shapeshifter)
  Pikel (D:8)
  19 orc knights
  5 phantasmal warriors
  11 steelbarb worms
  25 deep elf zephyrmancers
  9 orc sorcerers
  2 large abominations (D:13)
  25 deep elf pyromancers
  A frost giant zombie (Vaults:4)
  17 moths of wrath
  30 manticores
  A shadow dragon skeleton (Vaults:4)
  A tengu skeleton (Depths:1)
  A mana viper (shapeshifter) (Elf:3)
  3 cyclopes
  A stone giant zombie (Vaults:4)
  16 fauns
  29 wolf spiders
  3 salamanders (Depths:1)
  11 merfolk sirens
  2 centaur zombies (D:12)
  A fire giant skeleton (Depths:1)
  A spectral centaur (D:12)
  8 elephants
  19 ugly things
  2 black mambas
  A kobold blastminer (Orc:1)
  A rust devil (Depths:4)
  2 gargoyles
  2 smoke demons
  3 torpor snails
  17 vault sentinels
  2 water nymphs
  An orange demon (D:5)
  A cane toad (shapeshifter) (D:13)
  8 cane toads
  A torpor snail (shapeshifter) (Depths:3)
  7 rime drakes
  2 centaur skeletons (D:15)
  An unseen horror (D:11)
  An efreet (Depths:3)
  An ice devil (D:13)
  2 tormentors
  21 yaktaurs
  26 merfolk
  A freezing wraith (D:14)
  13 komodo dragons
  Psyche (D:11)
  4 tengu conjurers
  A silent spectre (Orc:1)
  11 trolls
  A queen bee (Lair:4)
  2 polar bears
  7 wind drakes
  10 meliai
  19 tarantellas
  4 hornets
  10 blink frogs
  Prince Ribbit (D:5)
  A spectral meliai (D:12)
  A glass eye (Depths:2)
  4 dream sheep (Lair:5)
  7 snapping turtles
  A dream sheep (shapeshifter) (Vaults:5)
  An ettin zombie (Vaults:4)
  4 air elementals
  16 slime creatures
  35 jumping spiders
  2 ettin skeletons
  An elf zombie (Vaults:4)
  15 culicivoras
  2 vampires
  An iron dragon simulacrum (Depths:1)
  3 wyverns
  4 water elementals
  2 centaur simulacra (D:12)
  51 yaks
  3 shadows
  Eustachio (D:5)
  5 wraiths (D:12)
  7 fire elementals
  21 wargs
  A hog (shapeshifter) (Elf:3)
  8 basilisks
  A redback simulacrum (D:12)
  3 steam dragons
  A warg (shapeshifter) (D:14)
  51 redbacks
  6 vampire mosquitoes
  A death yak simulacrum (Lair:5)
  An ogre zombie (Vaults:2)
  A glowing shapeshifter zombie (Vaults:4)
  An acid dragon (D:12)
  3 hydra simulacra (Lair:5)
  Duvessa (D:7)
  2 spectral hornets (D:12)
  13 hell hounds
  A black bear (shapeshifter) (Depths:3)
  13 water moccasins
  An ice beast (D:6)
  35 orc warriors
  3 black bears
  A hornet zombie (D:15)
  11 ogres
  A black mamba simulacrum (Lair:5)
  17 wolves
  17 centaurs
  A centaur (shapeshifter) (D:15)
  A phantom (D:6)
  4 human skeletons
  A lemure (D:8)
  8 kobold brigands
  8 bullfrogs
  6 earth elementals
  5 gnoll sergeants
  5 scorpions
  Dowan (D:7)
  31 killer bees
  7 vampire bats (Bailey)
  A dream sheep simulacrum (Lair:5)
  9 electric eels (D:8)
  15 howler monkeys
  3 wolf zombies (Bailey)
  3 jellies
  2 hounds (D:7)
  15 orc priests
  4 gnoll boudas (D:10)
  A sleepcap (D:6)
  3 iguanas
  Natasha (thrice) (D:2)
  19 orc wizards
  4 hell rats (Lair:3)
  7 gnolls
  19 orc zombies (Bailey)
  2 river rats (Sewer)
  15 adders
  4 white imps
  2 ufetubi (D:6)
  6 worms
  3 dart slugs
  87 orcs
  22 ball pythons
  17 bats
  5 endoplasms
  6 giant cockroaches
  4 goblins
  9 hobgoblins
  A jackal (Sewer)
  28 kobolds
  3 quokkas
  4 frilled lizards
  6 rats
  An aspiring flesh (Zot:4)
  2 tentacles (Shoals:3)
1943 creatures vanquished.

Vanquished Creatures (collateral kills)
  An ancient lich (Zot:5)
  6 Orb Guardians (Zot:5)
  A death cob (Zot:5)
  A shadow dragon (Vaults:5)
  A storm dragon (Vaults:5)
  A vault warden (Vaults:5)
  2 stone giants (Vaults:5)
  3 very ugly things (Vaults:5)
  5 vault guards (Vaults:5)
  A deep troll earth mage (Vaults:5)
  A hell knight (Vaults:5)
  A deep elf knight (Vaults:5)
  An orb spider (shapeshifter) (Vaults:5)
  A manticore (shapeshifter) (Vaults:5)
  A cyclops (D:10)
  A meliai (shapeshifter) (Vaults:5)
  A glass eye (shapeshifter) (Vaults:5)
  A swamp worm (shapeshifter) (Vaults:5)
  A bullfrog (D:7)
  A gnoll (D:7)
  2 kobolds (D:7)
34 creatures vanquished.

Vanquished Creatures (others)
  An ancient lich (Zot:5)
  2 orbs of fire (Zot:5)
  3 Killer Klowns (Zot:5)
  An electric golem (Zot:5)
  6 Orb Guardians (Zot:5)
  A tengu reaver (Vaults:5)
  A frost giant (Vaults:5)
  A fire giant (Depths:1)
  A deep elf sorcerer (Vaults:5)
  An ironbound preserver (Vaults:5)
  4 vault wardens (Vaults:5)
  A stone giant (Vaults:5)
  A very ugly thing (Vaults:5)
  A yaktaur captain (Vaults:5)
  An ettin (Vaults:5)
  2 ogre magi (Vaults:5)
  A peacekeeper (Vaults:3)
  10 vault guards (Vaults:5)
  A two-headed ogre (shapeshifter) (Vaults:5)
  An orb spider (Spider:3)
  2 ironbound convokers (Vaults:5)
  A deep elf pyromancer (Vaults:5)
  A deep elf zephyrmancer (Vaults:5)
  A phantasmal warrior (Vaults:5)
  A wolf spider (Vaults:5)
  A cyclops (shapeshifter) (Vaults:5)
  A vault sentinel (Vaults:5)
  A water nymph (shapeshifter) (Vaults:5)
  3 yaktaurs (Vaults:5)
  A yaktaur (shapeshifter) (Vaults:5)
  A snapping turtle (shapeshifter) (Vaults:5)
  A yak (Lair:1)
  A redback (Spider:4)
  2 wolves (Lair:1)
  A gnoll sergeant (D:10)
  2 gnolls (D:7)
  2 orcs (D:11)
  A goblin (D:8)
  4 kobolds (D:8)
  60 spectral weapons
  24 tentacles (Shoals:3)
153 creatures vanquished.

Grand Total: 2130 creatures vanquished

Notes
Turn   | Place    | Note
-------+----------+-------------------------------------------
     0 | D:1      | Kearsarge the Merfolk Fighter began the quest for the Orb.
     0 | D:1      | Reached XP level 1. HP: 18/18 MP: 1/1
    54 | D:1      | Reached XP level 2. HP: 24/24 MP: 2/2
   215 | D:1      | Reached XP level 3. HP: 30/30 MP: 3/3
  1551 | D:2      | Noticed Natasha
  1576 | D:2      | Killed Natasha
  1577 | D:2      | Reached skill level 5 in Polearms
  1577 | D:2      | Reached XP level 4. HP: 20/37 MP: 4/4
  1723 | D:2      | Noticed Natasha
  1733 | D:2      | Killed Natasha
  1747 | D:2      | Noticed Natasha
  1756 | D:2      | Killed Natasha
  1757 | D:2      | Reached XP level 5. HP: 35/43 MP: 5/5
  2085 | D:3      | Found an opulent altar of Gozag.
  2089 | D:3      | Found a glowing silver altar of Zin.
  2094 | D:3      | Became a worshipper of Gozag Ym Sagoz the Greedy
  2591 | D:4      | Noticed a black bear
  2593 | D:4      | Noticed an ogre
  2616 | D:3      | Killed a black bear
  2617 | D:3      | Reached skill level 5 in Fighting
  2617 | D:3      | Reached XP level 6. HP: 51/51 MP: 6/6
  2830 | D:4      | Found a hide-covered altar of Uskayaw.
  2924 | D:4      | Noticed a black bear
  2933 | D:4      | Killed a black bear
  2934 | D:4      | Reached XP level 7. HP: 48/57 MP: 7/7
  3074 | D:4      | Found a hazy altar of Hepliaklqana.
  3201 | D:4      | Found a blossoming altar of Fedhas.
  3260 | D:4      | Found a shimmering altar of Xom.
  3323 | D:5      | Entered Level 5 of the Dungeon
  3365 | D:5      | Noticed Eustachio
  3414 | D:5      | Killed Eustachio
  3550 | D:5      | Found a glowing drain.
  3570 | Sewer    | Entered a sewer
  3612 | Sewer    | Reached XP level 8. HP: 63/65 MP: 8/8
  3963 | Sewer    | Reached skill level 10 in Polearms
  4128 | D:5      | Noticed Prince Ribbit
  4138 | D:5      | Killed Prince Ribbit
  4917 | D:6      | Identified the +6 giant club "Ritailul" {drain, Str+3
                  | Dex+3}
  4918 | D:6      | Found a transporter.
  4918 | D:6      | Noticed stone111's ghost (novice HuGl)
  4922 | D:6      | Found a transporter.
  5010 | D:6      | Found Qyuxziq's Magic Scroll Shoppe.
  5026 | D:6      | Bought a scroll of teleportation for 33 gold pieces
  5026 | D:6      | Bought a scroll of teleportation for 33 gold pieces
  5026 | D:6      | Bought a scroll of enchant armour for 82 gold pieces
  5026 | D:6      | Bought a scroll of immolation for 44 gold pieces
  5282 | D:6      | Found a staircase to the Ecumenical Temple.
  5333 | D:6      | Found an iron altar of Okawaru.
  5421 | D:6      | Reached XP level 9. HP: 66/74 MP: 9/9
  5588 | D:6      | Found a white marble altar of Elyvilon.
  5985 | D:7      | Noticed a cyclops
  5993 | D:7      | Noticed Duvessa
  5994 | D:7      | Noticed Dowan
  6324 | D:7      | Killed Duvessa
  6337 | D:7      | Killed Dowan
  7032 | D:7      | Found The Oracle's Delphic Readings.
  7036 | D:7      | Bought a scroll of revelation for 105 gold pieces
  7036 | D:7      | Bought a scroll of enchant weapon for 105 gold pieces
  7036 | D:7      | Bought a scroll of revelation for 105 gold pieces
  7036 | D:7      | Bought a scroll of amnesia for 56 gold pieces
  7036 | D:7      | Bought a scroll of identify for 28 gold pieces
  7261 | D:7      | Found Ciufim's Jewellery Boutique.
  7284 | D:7      | Bought an amulet of reflection for 330 gold pieces
  7324 | D:8      | Found a stormy altar of Qazlal.
  7406 | D:8      | Found a flagged portal.
  7432 | Bailey   | Entered a bailey
  7568 | Bailey   | Noticed a gargoyle
  7582 | Bailey   | Killed a gargoyle
  7594 | Bailey   | Found the +6 lightning scales {swift, rElec}
  7607 | Bailey   | Reached XP level 10. HP: 75/83 MP: 10/10
  7611 | Bailey   | Identified the +0 chain mail "Ylaeh" {rElec Will+ MP+9}
  7869 | Bailey   | Identified the +1 pair of boots of the Alphagorgon {Str+4
                  | Int+2}
  8015 | D:8      | Reached skill level 15 in Polearms
  8330 | D:8      | Reached skill level 10 in Fighting
  8507 | D:8      | Noticed Pikel
  8520 | D:8      | Killed Pikel
  8663 | D:8      | Identified the +1 spear of Eternal Harmony {antimagic,
                  | ^Drain rPois Dex+4}
  9404 | D:9      | Reached XP level 11. HP: 82/93 MP: 11/11
  9461 | D:9      | Found a burning altar of Makhleb.
  9717 | D:10     | Entered Level 10 of the Dungeon
  9745 | D:10     | Found an ornate altar of the Wu Jian Council.
  9938 | D:10     | Found a staircase to the Lair.
 10948 | D:10     | Noticed a two-headed ogre
 10969 | D:10     | Noticed an ogre mage
 10978 | D:10     | Killed an ogre mage
 10981 | D:10     | Killed a two-headed ogre
 11193 | D:10     | Noticed a two-headed ogre
 11196 | D:10     | Noticed a cyclops
 11223 | D:10     | Killed a cyclops
 11233 | D:10     | Killed a two-headed ogre
 11341 | D:10     | Noticed a two-headed ogre
 11432 | D:10     | Killed a two-headed ogre
 11433 | D:10     | Reached XP level 12. HP: 102/103 MP: 12/12
 12160 | D:10     | Identified a scroll of acquirement
 12161 | D:10     | Acquired the +3 pair of seven-league boots {Rampage+∞}
 12161 | D:10     | Found the +3 pair of seven-league boots {Rampage+∞}
 12315 | D:11     | Found Valyof's Weapon Shoppe.
 12315 | D:11     | Found a staircase to the Orcish Mines.
 12318 | D:11     | Noticed Psyche
 12342 | D:11     | Killed Psyche
 12344 | D:11     | Noticed a two-headed ogre
 12375 | D:11     | Killed a two-headed ogre
 12734 | D:11     | Noticed a boulder beetle
 12754 | D:11     | Reached skill level 1 in Dodging
 12754 | D:11     | Reached skill level 1 in Shapeshifting
 12760 | D:11     | Killed a boulder beetle
 13061 | D:11     | Noticed Fannar
 13076 | D:11     | Killed Fannar
 13259 | D:11     | Noticed Snorg
 13271 | D:11     | Killed Snorg
 13781 | Orc:1    | Entered Level 1 of the Orcish Mines
 13790 | Orc:1    | Reached skill level 5 in Shapeshifting
 14172 | Orc:1    | Noticed Jorgrun
 14194 | Orc:1    | Killed Jorgrun
 14195 | Orc:1    | Reached skill level 5 in Dodging
 14201 | Orc:1    | Noticed a two-headed ogre
 14369 | Orc:1    | Killed a two-headed ogre
 14544 | Orc:1    | Found a transporter.
 14728 | Orc:1    | Noticed an ettin
 14731 | Orc:1    | Found a bloodstained altar of Trog.
 14731 | Orc:1    | Found the necklace of Bloodlust {Fury *Rage Will++ Int-3
                  | Slay+6}
 14855 | Orc:1    | Found a transporter.
 14855 | Orc:1    | Found a runed translucent door.
 14857 | Orc:1    | Noticed a deep elf annihilator
 14858 | Orc:1    | Noticed a deep elf elementalist
 14878 | Orc:1    | Reached XP level 13. HP: 106/111 MP: 13/13
 14903 | Orc:1    | Killed an ettin
 14919 | Orc:1    | Reached skill level 10 in Dodging
 14946 | Orc:1    | Identified the +9 plate armour of Huheit {-Tele +Inv Str-3
                  | Dex+8}
 14947 | Orc:1    | Noticed a deep elf sorcerer
 14947 | Orc:1    | Noticed a deep elf sorcerer
 14947 | Orc:1    | Noticed a deep elf elementalist
 15053 | Orc:2    | Entered Level 2 of the Orcish Mines
 15724 | Orc:2    | Found Dowidimp's Jewellery Boutique.
 15777 | Orc:2    | Noticed an orc warlord
 15797 | Orc:2    | Killed an orc warlord
 15798 | Orc:2    | Reached skill level 15 in Dodging
 16123 | Orc:1    | Noticed Nergalle
 16138 | Orc:1    | Reached XP level 14. HP: 53/112 MP: 14/14
 16150 | Orc:1    | Killed Nergalle
 17148 | Orc:2    | Found Qulyi's Antique Armour Shop.
 17162 | Orc:2    | Bought an amulet of regeneration for 450 gold pieces
 17675 | Orc:2    | Reached skill level 10 in Shapeshifting
 17719 | Orc:2    | Found a runed translucent gate.
 17719 | Orc:2    | Found a runed translucent gate.
 17719 | Orc:2    | Found a runed translucent gate.
 17723 | Orc:2    | Noticed wqsa789's ghost (journeyman GnHu)
 17723 | Orc:2    | Noticed an orc warlord
 17745 | Orc:2    | Found an iron altar of Okawaru.
 17745 | Orc:2    | Identified the +1 leather armour "Genema" {+Blink rN+
                  | Slay+2}
 17819 | Orc:2    | Found Puocug's Antique Weapon Boutique.
 17857 | Orc:2    | Found a staircase to the Elven Halls.
 18094 | Lair:1   | Entered Level 1 of the Lair of Beasts
 19244 | Lair:2   | Found a transporter.
 19252 | Lair:2   | Noticed rotlqkf's ghost (journeyman TrMo)
 19284 | Lair:2   | Found a staircase to the Shoals.
 19470 | Lair:2   | Found a white marble altar of Elyvilon.
 20012 | Lair:2   | Found a transporter.
 20108 | Lair:3   | Found a hole to the Spider Nest.
 21205 | Lair:4   | Found a staircase to the Slime Pits.
 21623 | Lair:4   | Reached skill level 15 in Shapeshifting
 21638 | Lair:4   | Reached XP level 15. HP: 117/123 MP: 15/15
 21862 | Lair:4   | Identified the +3 whip "Acwicuo" {distort, Str+5}
 22020 | Lair:4   | Bought the ring of Makhleb's Envy {rF+ Will+++} for 780
                  | gold pieces
 22109 | Lair:5   | Entered Level 5 of the Lair of Beasts
 22167 | Lair:5   | Found a runed translucent gate.
 22167 | Lair:5   | Found a runed translucent gate.
 22168 | Lair:5   | Found a runed translucent gate.
 22230 | Lair:5   | Noticed uhhuh's ghost (journeyman DjFE)
 22247 | Lair:5   | Killed uhhuh's ghost
 22336 | Lair:5   | Got the ring "Qoidasah" {Fire Str+2 Stlth+}
 22436 | Lair:5   | Bought a runed helmet for 210 gold pieces
 22436 | Lair:5   | Bought a shiny kite shield for 210 gold pieces
 22976 | Lair:5   | Noticed Urug
 22991 | Lair:5   | Killed Urug
 23495 | D:12     | Noticed Josephine
 23505 | D:12     | Killed Josephine
 23762 | D:12     | Identified the +0 pair of boots of the Eight Hells {rElec
                  | rPois rC- Will++}
 23894 | D:12     | Found a runed translucent gate.
 23894 | D:12     | Found a runed translucent gate.
 23894 | D:12     | Found a runed translucent gate.
 23898 | D:12     | Found the ring of the Octopus King
 23899 | D:12     | Noticed gompami's ghost (journeyman KoSu)
 23955 | D:12     | Killed gompami's ghost
 24007 | D:12     | Identified a ring of the Octopus King {HP+2 AC+2 EV+2 SH+2
                  | SInv}
 24204 | D:13     | Noticed Frances
 24389 | D:12     | Killed Frances
 24390 | D:12     | Reached XP level 16. HP: 97/130 MP: 16/16
 24448 | D:13     | Found a gate to the Vaults.
 25317 | D:14     | You fall into a shaft and drop 1 floor!
 25317 | D:15     | Entered Level 15 of the Dungeon
 26024 | D:15     | Found a staircase to the Depths.
 26402 | D:15     | Noticed Azrael
 26414 | D:15     | Killed Azrael
 27048 | Shoals:1 | Entered Level 1 of the Shoals
 27415 | Shoals:1 | Found Amnuir's Vocational Training.
 27484 | Shoals:1 | Found Bopruett's General Store.
 27502 | Shoals:1 | Bought a scroll of fog for 68 gold pieces
 27502 | Shoals:1 | Bought 2 scrolls of fog for 136 gold pieces
 28159 | Shoals:2 | Reached XP level 17. HP: 136/136 MP: 17/17
 28433 | Shoals:2 | Reached skill level 27 in Polearms
 28650 | Shoals:3 | Found Dulol's Magic Scroll Shoppe.
 28662 | Shoals:3 | Bought a scroll of blinking for 97 gold pieces
 28662 | Shoals:3 | Bought a scroll of immolation for 52 gold pieces
 28662 | Shoals:3 | Bought a scroll of teleportation for 39 gold pieces
 28662 | Shoals:3 | Bought a scroll of poison for 52 gold pieces
 28662 | Shoals:3 | Bought a scroll of immolation for 52 gold pieces
 28775 | Shoals:3 | Reached skill level 5 in Shields
 28835 | Shoals:3 | Noticed a kraken
 28906 | Shoals:3 | Killed a kraken
 28987 | Shoals:3 | Found Xuptul's Antique Armour Boutique.
 29199 | Shoals:3 | Found Taef's Jewellery Shop.
 29242 | Shoals:3 | Found Lomuum's Antique Armour Shoppe.
 29403 | Shoals:4 | Entered Level 4 of the Shoals
 29724 | Shoals:4 | Found the +5 glaive of the Guard {elec, spectral}
 29734 | Shoals:4 | Identified the +3 orcbow of Indignation {elec, Str+3 Int+3}
 29763 | Shoals:4 | Noticed a sphinx
 30038 | Shoals:4 | Got a barnacled rune of Zot
 30133 | Shoals:4 | Noticed a sphinx
 30144 | Shoals:4 | Killed a sphinx
 30146 | Shoals:4 | Reached XP level 18. HP: 146/146 MP: 18/18
 30275 | Shoals:4 | Identified the +5 plate armour of Activism {rF- rC- Str+3
                  | Int+5}
 30488 | Spider:1 | Entered Level 1 of the Spider Nest
 30619 | Spider:1 | Reached skill level 15 in Fighting
 31140 | Spider:2 | Acquired a +2 hat of willpower
 31398 | Spider:2 | You fall into a shaft and drop 1 floor!
 31406 | Spider:3 | Noticed Louise
 31415 | Spider:3 | Killed Louise
 31522 | Spider:3 | Noticed Arachne
 31529 | Spider:3 | Killed Arachne
 31552 | Spider:4 | Entered Level 4 of the Spider Nest
 32251 | Spider:4 | Reached XP level 19. HP: 161/161 MP: 19/19
 32901 | Spider:4 | Identified the +0 robe "Pierivvo" {rF+ rN+ Str+2}
 33099 | Spider:4 | Got a gossamer rune of Zot
 33492 | Elf:1    | Entered Level 1 of the Elven Halls
 33980 | Elf:1    | Noticed Zenata
 33983 | Elf:1    | Killed Zenata
 34149 | Elf:1    | Paralysed by an air elemental for 1 turns
 34507 | Elf:2    | Found a huge runed translucent gate.
 34509 | Elf:2    | Found a huge runed translucent gate.
 34514 | Elf:2    | Found a huge runed translucent gate.
 34515 | Elf:2    | Found a huge runed translucent gate.
 34515 | Elf:2    | Found a huge runed translucent gate.
 34628 | Elf:2    | Identified the +1 scale mail of the End {Str+2}
 34642 | Elf:2    | Reached XP level 20. HP: 176/176 MP: 20/20
 34909 | Elf:2    | Found a shimmering blue altar of Sif Muna.
 34991 | Elf:3    | Entered Level 3 of the Elven Halls
 35211 | Elf:3    | Paralysed by an air elemental for 1 turns
 35256 | Elf:3    | Found a runed translucent door.
 35275 | Elf:3    | Noticed gompami's ghost (adept KoSu)
 35288 | Elf:3    | Killed gompami's ghost
 35295 | Elf:3    | Identified the +3 trident of the Harvest {flame, rCorr
                  | Str+3}
 35367 | Elf:3    | Identified the +0 scale mail "Coreoc" {-Tele rF+ Slay+4
                  | SInv}
 35479 | Elf:3    | Identified the +0 chain mail of Absolutism {rPois Int+3
                  | Dex+6 Stlth-}
 35505 | Elf:3    | Identified the ring "Siycw" {*Slow Will+ Str+3 Int+4
                  | Stlth-}
 35506 | Elf:3    | Identified the +6 quarterstaff of Valour {freeze, rF++
                  | rCorr Str+3}
 35521 | Elf:3    | Got the Incunabulum of Position and Austromancy
 35916 | Elf:3    | Found Yciapp's Antique Weapon Shoppe.
 36301 | Vaults:1 | Entered Level 1 of the Vaults
 36443 | Vaults:1 | Bought a blackened cloak for 342 gold pieces
 36443 | Vaults:1 | Identified the +1 cloak of a bazaar {+Blink rElec rCorr}
                  | (You bought it in a shop on level 1 of the Vaults)
 37132 | Vaults:1 | You fall into a shaft and drop 1 floor!
 37448 | Vaults:2 | Reached XP level 21. HP: 189/189 MP: 21/21
 38218 | Vaults:2 | Noticed a bone dragon
 38225 | Vaults:2 | Killed a bone dragon
 38237 | Vaults:2 | Found a staircase to the Crypt.
 38854 | Vaults:3 | Noticed Nikola
 38858 | Vaults:3 | Killed Nikola
 38932 | Vaults:3 | Found Zazami's Assorted Antiques.
 38941 | Vaults:3 | Bought a potion of cancellation for 288 gold pieces
 39071 | Vaults:3 | Identified the +6 hand axe of the Twelve Persimmons
                  | {freeze, rPois rN+}
 40053 | Vaults:4 | Got Sif Muna's Parchment of Detritus
 40113 | Vaults:4 | Reached XP level 22. HP: 202/202 MP: 22/22
 41097 | Vaults:5 | Entered Level 5 of the Vaults
 41103 | Vaults:5 | Noticed a dread lich
 41390 | Vaults:5 | Got the Tractate on Breezy Hexing
 41391 | Vaults:5 | Identified the +9 lajatang of Cocifro {venom, ^Fragile
                  | rCorr Int+2 SInv}
 41417 | Vaults:5 | Got the Anthology of Wild Portals
 41419 | Vaults:5 | Identified the +2 leather armour of the Hippogriff {Int+3}
 41426 | Vaults:5 | Identified the +3 ring mail of Tuyluyl {Regen+ Str+3 Dex-5
                  | Slay+6}
 41712 | Vaults:5 | Identified the +2 quarterstaff of Outrage {freeze, ^Drain
                  | rPois rN+++ Dex+6}
 41766 | Vaults:5 | Got a silver rune of Zot
 41945 | Vaults:5 | Noticed an ancient lich
 42132 | Depths:1 | Entered Level 1 of the Depths
 42405 | Depths:1 | Found an ancient bone altar of Kikubaaqudgha.
 42743 | Depths:1 | Reached XP level 23. HP: 215/215 MP: 23/23
 42755 | Depths:1 | Found a one-way gate leading to the halls of Pandemonium.
 42847 | Depths:1 | Found a gateway to Hell.
 43154 | Depths:2 | Noticed Grunn
 43155 | Depths:2 | Identified the serpent talisman of the Equator {Will- rCorr
                  | Int+6}
 43155 | Depths:2 | Noticed Aizul
 43392 | Depths:2 | Killed Grunn
 43532 | Depths:2 | Noticed a golden dragon
 43541 | Depths:2 | Killed a golden dragon
 43619 | Depths:2 | Noticed Saint Roka
 43626 | Depths:2 | Noticed a juggernaut
 43626 | Depths:2 | Killed Saint Roka
 43640 | Depths:2 | Killed a juggernaut
 43810 | Depths:2 | Reached skill level 27 in Fighting
 43833 | Depths:2 | Noticed a caustic shrike
 43835 | Depths:2 | Killed a caustic shrike
 43919 | Depths:3 | Gained mutation: You sometimes lose your temper in combat.
                  | [a shining eye]
 44191 | Depths:3 | Killed Aizul
 44248 | Depths:3 | Found a corrupted altar of Lugonu.
 44249 | Depths:3 | Found a one-way gate to the infinite horrors of the Abyss.
 44459 | Depths:3 | Identified the amulet of Igiwiyfrai {Faith Harm}
 44582 | Depths:4 | Entered Level 4 of the Depths
 44657 | Depths:4 | Lost mutation: You sometimes lose your temper in combat.
                  | [potion of mutation]
 44657 | Depths:4 | Gained mutation: You are resistant to electric shocks.
                  | (rElec) [potion of mutation]
 44657 | Depths:4 | Gained mutation: You have hidden genetic potential. [potion
                  | of mutation]
 44687 | Depths:4 | Noticed a golden dragon
 44692 | Depths:4 | Killed a golden dragon
 44704 | Depths:4 | Reached skill level 27 in Dodging
 44752 | Depths:4 | Found a gate to the Realm of Zot.
 44800 | Depths:4 | Reached XP level 24. HP: 227/227 MP: 23/23
 44801 | Depths:4 | Found Liruil's Armour Boutique.
 44804 | Depths:4 | Found Jyesiax's Book Shop.
 44804 | Depths:4 | Found Ehia's General Store.
 44809 | Depths:4 | Found Iteacu's Armour Shop.
 44816 | Depths:4 | Bought a scroll of fear for 96 gold pieces
 44878 | Depths:4 | Found a one-way gateway to a ziggurat.
 44895 | Zig:1    | Entered Level 1 of a ziggurat
 44926 | Zig:2    | Entered Level 2 of a ziggurat
 44977 | Zig:2    | Got the Spellbook of Distorted Bodies
 44982 | Zig:3    | Entered Level 3 of a ziggurat
 45024 | Zig:4    | Entered Level 4 of a ziggurat
 45086 | Zig:5    | Entered Level 5 of a ziggurat
 45091 | Zig:5    | Noticed Durov the pandemonium lord
 45422 | Depths:4 | Found a portal to a secret trove of treasure.
 45640 | Zot:1    | Entered Level 1 of the Realm of Zot
 45784 | Zot:2    | Noticed Vv
 45795 | Zot:2    | Killed Vv
 45826 | Zot:3    | Noticed a curse toe
 45830 | Zot:3    | Killed a curse toe
 46017 | Zot:3    | Identified the +1 cloak of Jigsaw {rPois rC- Will+ rCorr}
 46028 | Zot:3    | Noticed a curse toe
 46054 | Zot:3    | Killed a curse toe
 46327 | Zot:4    | Gained mutation: You are agile. (Dex +4, Str/Int -1)
                  | [hidden potential]
 46373 | Zot:5    | Entered Level 5 of the Realm of Zot
 46681 | Zot:5    | Noticed an ancient lich
 46688 | Zot:5    | Noticed an ancient lich
 46692 | Zot:5    | Noticed a Killer Klown
 46703 | Zot:5    | Noticed an orb of fire
 46704 | Zot:5    | Noticed an orb of fire
 46704 | Zot:5    | Noticed a Killer Klown
 46711 | Zot:5    | Noticed an orb of fire
 46755 | Zot:5    | Killed an ancient lich
 46757 | Zot:5    | Reached XP level 25. HP: 234/234 MP: 23/23
 46782 | Zot:5    | Got the Orb of Zot
 46790 | Zot:5    | Killed a Killer Klown
 46798 | Zot:5    | Killed an orb of fire
 46873 | Zot:2    | Identified the +10 war axe of Integrity {freeze, rF+ Str+5
                  | Int+3 Stlth-}
 46960 | Depths:4 | Noticed Raoqum the pandemonium lord
 46974 | Depths:4 | Killed Raoqum the pandemonium lord
 46990 | Depths:4 | Noticed Fohabb the pandemonium lord
 46993 | Depths:4 | Paralysed by Fohabb for 1 turns
 47052 | Depths:3 | Reached skill level 1 in Stealth
 47264 | D:10     | Noticed Qiettel the pandemonium lord
 47270 | D:10     | Killed Qiettel the pandemonium lord
 47280 | D:10     | Reached skill level 5 in Stealth
 47470 | D:$      | Escaped with the Orb!

Illustrated notes

Levels and vault maps discovered:
D:1:      matt_arrival_grand_opening, layout_loops_cross
D:2:      layout_loops_corners, minmay_shallow_snake_nest, uniq_natasha
D:3:      layout_basic, grunt_temple_overflow_gold_and_silver
D:4:      layout_basic, nicolae_hepliaklqana_hippocampus, kennysheep_little_box,
          mainiacjoe_overflow_tiny_flanked, fedhas_altar_decomposition
D:5:      layout_layer_cave, cheibrodos_sewer_entry_bend, uniq_prince_ribbit1,
          uniq_eustachio
D:6:      layout_loops_corners, elyvilon_altar_1,
          mainiacjoe_overflow_cross_hatched, temple_hall, serial_shops, shop,
          gammafunk_ghost_smash, nicolae_elevator_lobby_plus
D:7:      layout_basic, nicolae_concentric_dashed_squares_mild,
          minmay_shop_enchanted_jewellery, nicolae_nh_oracle_at_delphi,
          uniq_duvessa
D:8:      layout_loops_cross, nicolae_qazlal_general_emergency, enter_bailey_3,
          serial_bayou, serial_bayou_pond_a, serial_bayou_ford_a,
          serial_bayou_lake_a, serial_bayou_lagoon_a, uniq_pikel
D:9:      layout_basic, bloody_makhleb
D:10:     lemuel_castle_with_subvaults [lemuel_castle_interior_carwin_3],
          layout_irregular_city, nicolae_wu_jian_immortal_techniques,
          david_lair_shrubbed, minmay_misc_feat_x
D:11:     layout_loops_corners, orc_david_3, uniq_snorg, uniq_psyche,
          uniq_fannar
D:12:     layout_long_grid, gammafunk_ghost_necromancy, uniq_josephine
D:13:     layout_cave_pools, hellmonk_vaults_attempted_burglary, serial_rivers,
          chequers_serial_rivers_room_b, chequers_serial_rivers_small_a,
          chequers_serial_rivers_micro_d, chequers_serial_rivers_micro_e,
          chequers_serial_rivers_micro_e, chequers_serial_rivers_micro_d,
          uniq_frances
D:14:     layout_loops_ring, chequers_serial_rivers_micro_d
D:15:     grunt_enter_depths_magical_seal, layout_basic, grunt_decor_one_mirror,
          uniq_azrael
Lair:1:   layout_cave_pods
Lair:2:   layout_regular_city, elwin_shoals_entry_stream, basic_altar,
          gammafunk_ghost_arena
Lair:3:   layout_gridlike, nicolae_spider_entry_lesser_pyramids,
          chequers_serial_rivers_large_a
Lair:4:   regret_index_wax_grids, layout_regular_city, slime_entry_1,
          minivault_19, beast_lair_carwin_2
Lair:5:   evilmike_catoblepas_cave, layout_small_grid, gammafunk_ghost_icy,
          chequers_serial_rivers_micro_a, uniq_urug
Shoals:1: layout_shoals, serial_shops, shop, nicolae_shop_vocational
Shoals:2: layout_shoals, nicolae_shoals_seven_spires,
          nicolae_shoals_aquamancer_cove
Shoals:3: layout_shoals, serial_shops, shop, shop, shop, nicolae_shop_crystal
Shoals:4: shoals_end_hellmonk_lost_city
Spider:1: layout_spider_delve
Spider:2: layout_spider_delve, nicolae_spider_claw_tunnel
Spider:3: layout_spider_delve, uniq_louise, uniq_arachne
Spider:4: grunt_spider_rune_island, nicolae_spider_world_wide_web
Orc:1:    emtedronai_trogs_sanctum, layout_diamond_mine, uniq_jorgrun,
          uniq_nergalle
Orc:2:    st_orc_town, layout_caves, gammafunk_ghost_fury_of_okawaru
Elf:1:    layout_geoelf_diagonals, minivault_28, grunt_megastairs_1, uniq_zenata
Elf:2:    elven_hall_of_blades_hangedman_alternative
          [nicolae_vaults_blade_armed_guards], layout_geoelf_diagonals,
          basic_altar
Elf:3:    minmay_elf_hall_dome, layout_loops_ring,
          ebering_ghost_reflecting_pool, serial_shops, nicolae_shop_trees
Vaults:1: nicolae_vaults_tangram_1, vaults_room_door_ring,
          hangedman_vaults_stagger, dpeg_vaults_monster_box,
          nicolae_vaults_storage_room_glass, nicolae_vaults_big_ls,
          vaults_room_door_ring, nicolae_vaults_heart-shaped_vault,
          layout_vaults_chaotic_city
Vaults:2: nicolae_vaults_surprise_closet, vaults_room_ringed_pool, v_misc_27,
          minmay_crypt_entry_nasty_monster, nicolae_vaults_hallways_thing,
          nicolae_vaults_sesquioval_fish, nicolae_vaults_closet_pinwheel_5,
          v_misc_8, nicolae_vaults_sealed_display, nicolae_vaults_apartment_1,
          nicolae_vaults_trapezoid_3, layout_vaults_quadrants
Vaults:3: nicolae_vaults_shipping_containers_5, v_misc_11,
          nicolae_vaults_specimen_jars, nicolae_vaults_triangles,
          nicolae_vaults_ring_of_whatevers, v_misc_18,
          vaults_room_stairs_pillars, nicolae_vaults_octothorpe,
          vaults_standard_mumra_enter_the_diamond, nicolae_vaults_mitosis,
          nicolae_vaults_closet_pinwheel_3, vaults_room_hallway,
          layout_vaults_maze, serial_shops, shop, uniq_nikola
Vaults:4: nicolae_vaults_steering_wheel, nicolae_vaults_storage_room_doors,
          nicolae_vaults_network_star, vaults_dpeg_hooks, v_rooms_6,
          minmay_orc_keep, nicolae_vaults_stepped_doors,
          nicolae_vaults_wrenched, nicolae_vaults_trapezoid_4,
          nicolae_vaults_little_squares_6, nicolae_vaults_house_1,
          v_alt_pattern_3, layout_vaults_omnicross
Vaults:5
Depths:1: layout_basic, hellmouth_1, kiku_gazebo_garden_becter,
          rand_demon_pan_entry_4, minivault_15, drop_trap,
          small_chamber_with_monster, grunt_ministairs_14,
          minmay_variable_closet, nicolae_zig_zag_zippers
Depths:2: minmay_crescents, layout_cave_pools, pan_entry, lemuel_blue_sif_altar,
          hell_entry, lemuel_old_faithful, uniq_grunn, uniq_saint_roka,
          uniq_aizul
Depths:3: minmay_sliced_demisemicircle, layout_cave_pools, hell_entry,
          abyss_entry_flame_altar, nicolae_twisty_statue_hallways,
          infiniplex_staircase_zigzag_3
Depths:4: evilmike_zot_entry_hall, layout_basic, enter_ziggurat_f,
          nicolae_trove_entry_crossroad, hangedman_abyss_entry_splay,
          nrook_mini_backslash, hell_entry, minmay_shoptagon
Zot:1:    gammafunk_the_bubble [the_bubble_gammafunk_roulette],
          layout_concentric_octagons, regret_index_zotdec_icy_dp
Zot:2:    layout_basic, grunt_megastairs_5, uniq_vv
Zot:3:    grunt_twist_and_shout, layout_onion_interference
Zot:4:    layout_twisted_circle, regret_index_zotdec_wing_it
Zot:5:    layout_gridlike

Skill      XL: |  1  2  3  4  5  6  7  8  9 10 11 12 13 14 15 16 17 18 19 20 21 22 23 24 25 |
---------------+----------------------------------------------------------------------------+-----
Polearms       | 3 4 5 7 8 9 12 14 17 19 20 23 26 27 | 27.0
Fighting       | 4 5 6 7 9 11 12 13 14 17 19 22 24 26 27 | 27.0
Dodging        | 8 15 17 19 21 22 24 27 | 27.0
Shapeshifting  | 6 8 15 18 20 24 25 | 25.0
Shields        | 9 |  9.4
Stealth        | 6 |  6.3
Armour         | |  2.1

Action                     |  1- 3 |  4- 6 |  7- 9 | 10-12 | 13-15 | 16-18 | 19-21 | 22-24 | 25-27 || total
---------------------------+-------+-------+-------+-------+-------+-------+-------+-------+-------++-------
  Melee: Trident           |   148 |   122 |   390 |   736 |  1363 |  1051 |       |       |       ||  3810
         Tailslap          |       |       |     4 |    15 |       |    38 |     7 |     1 |       ||    65
         Glaive            |       |       |       |       |       |   364 |   900 |   817 |    81 ||  2162
  Throw: Throwing net      |       |       |       |       |     1 |       |       |       |       ||     1
 Invoke: Call Merchant     |       |       |       |     1 |     3 |     1 |     1 |       |       ||     6
         Potion Petition   |       |       |       |     1 |     3 |       |       |     2 |       ||     6
         Bribe Branch      |       |       |       |       |       |       |       |     3 |       ||     3
  Evoke: Wand              |       |       |     8 |    14 |    18 |       |     2 |     3 |     1 ||    46
         Condenser vane    |       |       |       |     2 |     3 |     1 |     1 |       |       ||     7
    Use: Scroll            |     2 |     7 |    10 |     9 |    13 |     7 |     4 |    13 |     4 ||    69
         Potion            |       |       |     3 |     5 |     6 |     2 |       |     3 |       ||    19
   Stab: Distracted        |       |     2 |     5 |     6 |    15 |    18 |    17 |    17 |     3 ||    83
         Invisible         |       |       |       |     3 |     3 |       |       |     5 |       ||    11
         Confused          |       |       |       |     3 |     2 |       |       |       |       ||     5
         Held in net/web   |       |       |       |       |     1 |       |       |       |       ||     1
         Sleeping          |       |       |       |       |       |     2 |     2 |       |       ||     4
 Armour: Scale mail        |    16 |       |       |       |       |       |       |       |       ||    16
         Chain mail        |    76 |    56 |   188 |   228 |   292 |       |       |       |       ||   840
         Skin              |       |       |       |       |   438 |   891 |   492 |   487 |    35 ||  2343
  Dodge: Dodged            |    33 |    31 |    82 |   104 |   814 |  1180 |   638 |   727 |    78 ||  3687
  Block: Buckler           |    24 |    20 |    60 |   138 |   155 |       |       |       |       ||   397
         Reflection        |       |       |       |     9 |       |       |       |       |       ||     9
         Kite shield       |       |       |       |       |   161 |   672 |       |       |       ||   833
         Other             |       |       |       |       |       |    28 |    45 |    42 |     2 ||   117
   Form: Statue            |       |       |       |       |     1 |       |       |       |       ||     1

Table legend: (Time is in decaauts)
 A = Elapsed time spent in this place.
 B = Non-inter-level travel time spent in this place.
 C = Inter-level travel time spent in this place.
 D = Time resting spent in this place.
 E = Time spent auto-exploring this place.
 F = Levels seen in this place.
 G = Mean time per level.
                   A        B        C        D        E       F      G
               +--------+--------+--------+--------+--------+-----+--------+
         Total |  57383 |  52290 |   5093 |   3324 |  37502 |  54 | 1062.6 |
       Dungeon |  18535 |  16799 |   1736 |   1226 |  12750 |  15 | 1235.7 |
          Lair |   6454 |   5673 |    781 |     86 |   4356 |   5 | 1290.8 |
        Shoals |   4091 |   3633 |    458 |    163 |   2063 |   4 | 1022.8 |
   Spider Nest |   3970 |   3839 |    131 |    154 |   2635 |   4 |  992.5 |
  Orcish Mines |   4202 |   3688 |    514 |   1074 |   1823 |   2 | 2101.0 |
   Elven Halls |   3924 |   3690 |    234 |     85 |   2794 |   3 | 1308.0 |
        Vaults |   8364 |   8016 |    348 |    157 |   6465 |   5 | 1672.8 |
        Depths |   4918 |   4414 |    504 |    148 |   3281 |   4 | 1229.5 |
           Zot |   1816 |   1433 |    383 |    224 |    635 |   5 |  363.2 |
      Ziggurat |    292 |    292 |      0 |      0 |    186 |   5 |   58.4 |
         Sewer |    360 |    360 |      0 |      0 |    257 |   1 |  360.0 |
        Bailey |    451 |    451 |      0 |      3 |    253 |   1 |  451.0 |
               +--------+--------+--------+--------+--------+-----+--------+

Top non-repeatable levels by time:
    D:10: 2601 daAuts
Vaults:2: 2207 daAuts
   Orc:2: 2152 daAuts
   Orc:1: 2050 daAuts
Vaults:4: 2047 daAuts
    D:15: 1834 daAuts
Spider:4: 1728 daAuts
  Lair:4: 1678 daAuts
   Elf:3: 1641 daAuts
    D:11: 1636 daAuts
  Lair:5: 1616 daAuts
     D:6: 1536 daAuts
Vaults:3: 1534 daAuts
Depths:4: 1408 daAuts
    D:12: 1402 daAuts
